[Event "Titled Tuesday Blitz January 11 2022"]
[White "Real De Azua, Ernesto"]
[Black "Terry, Renato"]
[WhiteFideId "108154"]
[BlackFideId "3803457"]
[WhiteElo "2476"]
[BlackElo "2577"]
[Result "0-1"]
[Round "06"]
[TimeControl "180+1"]
[Date "2022.01.11"]
[WhiteClock "0:00:03"]
[BlackClock "0:00:06"]

1. c4 b6 2. Nc3 Bb7 3. e4 c5 4. g3 Nc6 5. Bg2 g6 6. Nge2 Bg7 7. O-O e6 8. d3 Nge7 9. Be3 Nd4 10. Bxd4 cxd4 11. Nb5 O-O 12. Nbxd4 d5 13. exd5 exd5 14. Rc1 Rb8 15. c5 bxc5 16. Rxc5 Qb6 17. Qc2 Rfc8 18. Rc1 Ba6 19. b3 Bxd3 20. Rxc8+ Rxc8 21. Qxd3 Rxc1+ 22. Nxc1 Bxd4 23. Qd2 Bc5 24. Nd3 Bd6 25. Bf3 Qd4 26. Qe2 Nf5 27. Kg2 h5 28. Qd1 h4 29. Bg4 Ne7 30. Qe2 hxg3 31. hxg3 Kf8 32. Bf3 Nf5 33. Bg4 Ne7 34. Bf3 a5 35. Bg4 Ng8 36. Bf3 Nf6 37. Qc2 Kg7 38. Qe2 g5 39. g4 Kf8 40. Qd1 Ne4 41. Qc2 Nc3 42. Qd2 Be7 43. Qc2 Bf6 44. Nc1 Qf4 45. Ne2 Nxe2 46. Qxe2 Be5 47. Bxd5 Qh2+ 48. Kf1 Qh3+ 49. Bg2 Qc3 50. Bf3 Qc1+ 51. Kg2 Qf4 52. Qe4 Qh2+ 53. Kf1 Bf6 54. Ke2 Kg7 55. Bg2 Qd6 56. a4 Qa3 57. Qd3 Qb2+ 58. Kf3 Qe5 59. Qe4 Qc3+ 60. Ke2 Qxb3 61. Bf3 Qb2+ 62. Kf1 Bd4 63. Kg2 Qxf2+ 64. Kh3 Qh4+ 65. Kg2 Qf2+ 66. Kh3 Bf6 67. Bg2 Qh4# 0-1


[Site "https://www.chess.com"]

[Event "Titled Tuesday Blitz January 11 2022"]
[White "Remolar Gallen, Jose"]
[Black "Fawzy, Adham"]
[WhiteFideId "2215187"]
[BlackFideId "10613129"]
[WhiteElo "2205"]
[BlackElo "2510"]
[Result "0-1"]
[Round "06"]
[TimeControl "180+1"]
[Date "2022.01.11"]
[WhiteClock "0:00:04"]
[BlackClock "0:00:10"]

1. d4 Nf6 2. Nf3 e6 3. e3 b6 4. Bd3 Bb7 5. O-O c5 6. b3 d5 7. Bb2 Be7 8. Ne5 O-O 9. Qe2 Nc6 10. a3 Rc8 11. f4 Ne4 12. Nd2 f5 13. Rad1 Nxe5 14. fxe5 cxd4 15. exd4 Nc3 16. Bxc3 Rxc3 17. g4 g6 18. gxf5 gxf5 19. Kh1 Kh8 20. Rf3 Bg5 21. Rh3 Rc7 22. Nf3 Rg7 23. Rg1 Rfg8 24. Rhg3 Bh6 25. Rxg7 Rxg7 26. Rxg7 Kxg7 27. Qg2+ Kh8 28. Qh3 Qf8 29. Qh5 Bc6 30. Ng5 Be8 31. Qh4 Bd7 32. Kg2 Qg7 33. Qxh6 Qxh6 34. Nf7+ Kg7 35. Nxh6 Kxh6 36. Kg3 Kg5 37. h4+ Kg6 38. Ba6 b5 39. c4 dxc4 40. bxc4 bxc4 41. Bxc4 h6 42. Kf4 Kf7 43. h5 Bc6 44. Bb3 Ke7 45. a4 Be4 46. a5 Bd3 47. d5 exd5 48. Bxd5 Be2 49. Bf3 Bxf3 50. Kxf3 Ke6 51. Kf4 a6 52. Kf3 Kxe5 53. Ke3 f4+ 54. Kf3 Kf5 55. Kf2 Kg4 56. Kg2 Kxh5 0-1


[Site "https://www.chess.com"]

[Event "Titled Tuesday Blitz January 11 2022"]
[White "Rodrigue-Lemieux, Shawn"]
[Black "Jaracz, Pawel"]
[WhiteFideId "2620049"]
[BlackFideId "1102222"]
[WhiteElo "1763"]
[BlackElo "2429"]
[Result "0-1"]
[Round "06"]
[TimeControl "180+1"]
[Date "2022.01.11"]
[WhiteClock "0:00:02"]
[BlackClock "0:00:22"]

1. c4 e6 2. g3 d5 3. Bg2 Nf6 4. Nf3 d4 5. O-O Nc6 6. e3 Bc5 7. exd4 Nxd4 8. d3 O-O 9. Nxd4 Bxd4 10. Nd2 e5 11. Nf3 Bg4 12. h3 Bxf3 13. Qxf3 c6 14. Re1 Nd7 15. Bd2 a5 16. Rad1 Nc5 17. Bc1 f5 18. b3 Bc3 19. Rf1 Ne6 20. a3 Nd4 21. Qe3 Nxb3 22. d4 Nxd4 23. Kh1 Ba1 24. Qxe5 Re8 25. Qc5 b6 26. Rxd4 Bxd4 27. Qxc6 Rc8 28. Qd5+ Qxd5 29. Bxd5+ Kh8 30. Kg2 Re2 31. a4 Rce8 32. Bc6 R8e7 33. Bg5 Rc7 34. Bf3 Rc2 35. Bd5 h6 36. Bf4 Re7 37. Bf3 Rxc4 38. Rd1 Bc5 39. Rd8+ Kh7 40. h4 Rc2 41. Bd5 Kg6 42. Kh3 Rxf2 43. Bc6 Rfe2 44. Rd5 Bg1 45. g4 fxg4+ 46. Kxg4 Kf6 47. h5 Bc5 48. Rf5+ Ke6 49. Bd5+ Kd7 50. Bc4 R2e4 51. Bb5+ Ke6 52. Rf8 Rf7 53. Re8+ Be7 0-1


[Site "https://www.chess.com"]

[Event "Titled Tuesday Blitz January 11 2022"]
[White "Ronka, Erik"]
[Black "Sadhwani, Raunak"]
[WhiteFideId "505080"]
[BlackFideId "35093487"]
[WhiteElo "2264"]
[BlackElo "2616"]
[Result "0-1"]
[Round "06"]
[TimeControl "180+1"]
[Date "2022.01.11"]
[WhiteClock "0:00:01"]
[BlackClock "0:01:09"]

1. d4 Nf6 2. Nf3 g6 3. g3 Bg7 4. Bg2 O-O 5. O-O d6 6. b3 c6 7. Bb2 Bf5 8. Nbd2 Ne4 9. Nh4 Nxd2 10. Qxd2 Bg4 11. h3 Bc8 12. Nf3 Nd7 13. e4 Qc7 14. Rfd1 a5 15. a4 Nf6 16. Qe3 Re8 17. Rd2 b6 18. Rad1 Bb7 19. e5 Nd5 20. Qe2 Rad8 21. Re1 dxe5 22. Nxe5 Nf6 23. Qc4 Nd5 24. Qe2 e6 25. h4 h5 26. c4 Nb4 27. g4 hxg4 28. Nxg4 Qf4 29. Rdd1 Qf5 30. Ne3 Qh5 31. Qxh5 gxh5 32. Bf3 Ba8 33. Bxh5 c5 34. Ng2 cxd4 35. Nf4 d3 36. Bxg7 Kxg7 37. Kf1 Rh8 38. f3 Rd4 0-1


[Site "https://www.chess.com"]

[Event "Titled Tuesday Blitz January 11 2022"]
[White "Safarli, Eltaj"]
[Black "Csonka, Balazs"]
[WhiteFideId "13402129"]
[BlackFideId "742910"]
[WhiteElo "2634"]
[BlackElo "2404"]
[Result "1-0"]
[Round "06"]
[TimeControl "180+1"]
[Date "2022.01.11"]
[WhiteClock "0:01:29"]
[BlackClock "0:00:02"]

1. e4 e6 2. d4 d5 3. Nd2 Nf6 4. e5 Nfd7 5. Bd3 c5 6. c3 Nc6 7. Ne2 cxd4 8. cxd4 f6 9. exf6 Nxf6 10. O-O Bd6 11. Nf3 O-O 12. Bf4 Bxf4 13. Nxf4 Ne4 14. Qc1 Ng5 15. Nxg5 Qxg5 16. Ne2 Qf6 17. Qe3 Bd7 18. Bb5 Nb8 19. a4 a6 20. Bxd7 Nxd7 21. Rac1 Rac8 22. a5 Nb8 23. b4 Rxc1 24. Rxc1 Nc6 25. Rb1 e5 26. dxe5 Qxe5 27. Qxe5 Nxe5 28. f3 Rc8 29. b5 Rc5 30. bxa6 bxa6 31. Rb8+ Kf7 32. Rb7+ Kg8 33. Nd4 Rxa5 34. Ne6 g6 35. Rg7+ Kh8 36. Re7 Kg8 37. h4 Ra1+ 38. Kh2 Ra2 39. Kg3 a5 40. Ng5 Nc4 41. Nxh7 a4 42. Nf6+ Kf8 43. Ra7 a3 44. Nxd5 Rd2 45. Nf4 a2 46. Nxg6+ Kg8 47. h5 Nd6 48. Kh3 Nb5 49. Ra8+ Kg7 50. g4 Nc3 51. g5 Rd1 52. Ra7+ Kg8 53. h6 Rh1+ 54. Kg4 Rg1+ 55. Kf5 Rxg5+ 56. Kxg5 1-0


[Site "https://www.chess.com"]

[Event "Titled Tuesday Blitz January 11 2022"]
[White "Samadov, Read"]
[Black "Ezat, Mohamed"]
[WhiteFideId "13417444"]
[BlackFideId "10600906"]
[WhiteElo "2084"]
[BlackElo "2386"]
[Result "0-1"]
[Round "06"]
[TimeControl "180+1"]
[Date "2022.01.11"]
[WhiteClock "0:00:03"]
[BlackClock "0:00:11"]

1. d4 Nf6 2. c4 g6 3. g3 Bg7 4. Bg2 O-O 5. Nc3 d6 6. Nf3 Nc6 7. O-O Bg4 8. h3 Bxf3 9. Bxf3 Nd7 10. e3 e5 11. d5 Ne7 12. e4 f5 13. h4 Nf6 14. h5 f4 15. hxg6 Nxg6 16. Kg2 fxg3 17. fxg3 Qd7 18. Bg5 a6 19. Rh1 Rf7 20. Bxf6 Rxf6 21. Bg4 Qe7 22. Be6+ Kh8 23. Qh5 Nf8 24. Bf5 Rh6 25. Qg4 Qf6 26. Rxh6 Qxh6 27. Rf1 Re8 28. Ne2 Bf6 29. Rh1 Qg5 30. Qxg5 Bxg5 31. b4 Be3 32. Kf3 Bd2 33. a3 a5 34. Rd1 Bg5 35. bxa5 Ra8 36. Rb1 Ra7 37. Rb5 Bd2 38. Bc8 Rxa5 39. Rxa5 Bxa5 40. Bxb7 Nd7 41. Bc6 Nc5 42. Ng1 Kg7 43. Nh3 Kf6 44. Nf2 Kg5 45. Nd1 Nb3 46. Nf2 Nd2+ 47. Ke2 Nxc4 48. a4 Bb6 49. Bb5 Na5 50. Kf3 Nb7 51. Nh3+ Kf6 52. Nf2 Nc5 53. Ng4+ Kg5 54. Ne3 Nb3 55. Nf5 Nd2+ 56. Kg2 Nxe4 57. Ng7 Nc3 58. Bc6 Kf6 59. Ne6 e4 60. Nf4 Ke5 61. Kf1 Kd4 62. Ke1 Ke3 63. Ne6 Kd3 64. g4 Ba5 65. Kf2 e3+ 66. Kf3 Kd2 67. Nf4 e2 68. Nxe2 Nxe2 69. g5 Nd4+ 70. Ke4 Nb3 71. Kf5 Nc5 72. Kf6 Bc3+ 73. Kf7 Ke3 74. Kg8 Kf4 75. Kxh7 Kxg5 76. Kg8 Kf5 77. Kf7 Ke5 78. Ke7 Ba5 79. Kd8 Kd4 80. Kc8 Ne4 81. Kb7 Kc5 82. Ka6 Kb4 83. Kb7 Nc3 84. Ka6 Nxa4 0-1


[Site "https://www.chess.com"]

[Event "Titled Tuesday Blitz January 11 2022"]
[White "Shapkin, Anatoliy"]
[Black "Dastan, Muhammed Batuhan"]
[WhiteFideId "34108332"]
[BlackFideId "6300014"]
[WhiteElo "2223"]
[BlackElo "2410"]
[Result "1-0"]
[Round "06"]
[TimeControl "180+1"]
[Date "2022.01.11"]
[WhiteClock "0:01:26"]
[BlackClock "0:00:17"]

1. d4 d5 2. c4 c6 3. cxd5 cxd5 4. Nc3 Nf6 5. Nf3 Nc6 6. Bf4 Bf5 7. e3 e6 8. Qb3 Bb4 9. Ne5 Bxc3+ 10. Qxc3 Nxe5 11. Bxe5 O-O 12. Be2 Rc8 13. Qa3 Ne4 14. O-O Qb6 15. Rfc1 f6 16. Bg3 Rfd8 17. f3 Nxg3 18. hxg3 Kf7 19. Kf2 g5 20. Rc3 Rxc3 21. Qxc3 Rd6 22. Rc1 Rc6 23. Qd2 Bg6 24. Rc3 Qc7 25. Qc1 Rxc3 26. bxc3 Ke7 27. Qa3+ Ke8 28. Qxa7 h5 29. c4 dxc4 30. Qa4+ Ke7 31. Qxc4 Qb6 32. a3 Be8 33. Qb4+ Qxb4 34. axb4 Kd6 35. e4 e5 36. Ke3 h4 37. gxh4 gxh4 38. f4 Bd7 39. dxe5+ fxe5 40. f5 Bc6 41. Bc4 Ke7 42. Bd5 Bb5 43. Bxb7 Bf1 44. Kf2 h3 45. gxh3 Bxh3 46. b5 Kd6 47. Bd5 Bg4 48. b6 Bd1 49. b7 Kc7 50. f6 Bh5 51. f7 Bxf7 52. Bxf7 Kxb7 53. Bd5+ 1-0


[Site "https://www.chess.com"]

[Event "Titled Tuesday Blitz January 11 2022"]
[White "Sjugirov, Sanan"]
[Black "Kamsky, Gata"]
[WhiteFideId "4189302"]
[BlackFideId "2000024"]
[WhiteElo "2602"]
[BlackElo "2645"]
[Result "1/2-1/2"]
[Round "06"]
[TimeControl "180+1"]
[Date "2022.01.11"]
[WhiteClock "0:02:15"]
[BlackClock "0:02:25"]

1. e4 e5 2. Nf3 Nc6 3. Bc4 Bc5 4. d3 Nf6 5. Nbd2 d6 6. c3 a5 7. O-O O-O 8. h3 Bd7 9. Re1 a4 10. a3 Qb8 11. Nf1 b5 12. Ba2 Qa7 13. Be3 Bxe3 14. Nxe3 Be6 15. Bxe6 fxe6 1/2-1/2


[Site "https://www.chess.com"]

[Event "Titled Tuesday Blitz January 11 2022"]
[White "Stoleriu, George"]
[Black "Onyshchuk, Volodymyr"]
[WhiteFideId "1227505"]
[BlackFideId "14114038"]
[WhiteElo "2203"]
[BlackElo "2642"]
[Result "0-1"]
[Round "06"]
[TimeControl "180+1"]
[Date "2022.01.11"]
[WhiteClock "0:00:05"]
[BlackClock "0:01:59"]

1. e4 g6 2. d4 Bg7 3. Nc3 d6 4. Be3 a6 5. Qd2 b5 6. f3 Nd7 7. h4 h6 8. Nh3 Bb7 9. Bd3 c5 10. d5 Ne5 11. Be2 Nf6 12. g4 h5 13. g5 Nfd7 14. f4 Ng4 15. Bxg4 hxg4 16. Nf2 g3 17. Ng4 Nb6 18. Qg2 Nc4 19. Bc1 Qa5 20. Qxg3 b4 21. Nb1 b3+ 22. c3 Qxa2 23. f5 Qxa1 24. f6 Qxb1 25. O-O Bf8 26. fxe7 Bxe7 27. Bf4 Qxb2 28. Nf6+ Bxf6 29. gxf6 O-O-O 0-1


[Site "https://www.chess.com"]

[Event "Titled Tuesday Blitz January 11 2022"]
[White "Svane, Frederik"]
[Black "Chizhikov, Vladislav"]
[WhiteFideId "12923044"]
[BlackFideId "4178157"]
[WhiteElo "2459"]
[BlackElo "2120"]
[Result "1-0"]
[Round "06"]
[TimeControl "180+1"]
[Date "2022.01.11"]
[WhiteClock "0:00:05"]
[BlackClock "0:00:19"]

1. e4 e6 2. d4 d5 3. Nd2 dxe4 4. Nxe4 Nd7 5. Nf3 Ngf6 6. Nxf6+ Nxf6 7. Be3 Bd7 8. Bd3 Bc6 9. Ne5 Qd5 10. Nxc6 Qxc6 11. Qe2 O-O-O 12. O-O Nd5 13. Be4 Qb6 14. Bxd5 exd5 15. a4 a6 16. Rab1 Qg6 17. b4 Bd6 18. b5 a5 19. h3 Rhe8 20. Qd2 b6 21. Rbc1 Re4 22. c4 Bb4 23. Qc2 Re7 24. Qb3 dxc4 25. Rxc4 Kb7 26. Rfc1 Rdd7 27. Bf4 Qe6 28. d5 Qf5 29. Qf3 Bd6 30. g4 Qg6 31. Qg2 Kb8 32. Qf3 Bxf4 33. Qxf4 Qd6 34. Qf5 g6 35. Qf3 Qxd5 36. Qf6 Qd6 37. Qh8+ Kb7 38. Rc6 Qd4 39. Rxc7+ Rxc7 40. Rxc7+ Rxc7 41. Qxd4 Ka7 42. Kg2 h5 43. gxh5 gxh5 44. Kg3 Rc5 45. Qd7+ Kb8 46. Qxf7 Rc3+ 47. f3 Rc4 48. Qxc4 1-0


[Site "https://www.chess.com"]

[Event "Titled Tuesday Blitz January 11 2022"]
[White "Svane, Rasmus"]
[Black "Wagner, Dennis"]
[WhiteFideId "4657101"]
[BlackFideId "24650684"]
[WhiteElo "2645"]
[BlackElo "2355"]
[Result "1-0"]
[Round "06"]
[TimeControl "180+1"]
[Date "2022.01.11"]
[WhiteClock "0:00:22"]
[BlackClock "0:00:08"]

1. d4 d5 2. Nf3 Nf6 3. c3 c5 4. e3 Nbd7 5. c4 e6 6. Nc3 dxc4 7. Bxc4 a6 8. a4 Be7 9. O-O O-O 10. Qe2 Qc7 11. Rd1 cxd4 12. exd4 Nb6 13. Bb3 Nbd5 14. Nxd5 Nxd5 15. Ne5 f6 16. Nf3 Bd6 17. h4 Bd7 18. h5 Rae8 19. h6 g5 20. Be3 Bc6 21. Rac1 Qf7 22. Nd2 Qg6 23. Rxc6 bxc6 24. Rc1 Qxh6 25. Nf1 Rb8 26. Ba2 Rfc8 27. Qxa6 f5 28. Rxc6 Rxc6 29. Qxc6 Nxe3 30. Qxd6 1-0


[Site "https://www.chess.com"]

[Event "Titled Tuesday Blitz January 11 2022"]
[White "Taboas Rodriguez, Daniel"]
[Black "Kobalia, Mikhail"]
[WhiteFideId "2208466"]
[BlackFideId "4119150"]
[WhiteElo "2429"]
[BlackElo "2667"]
[Result "1-0"]
[Round "06"]
[TimeControl "180+1"]
[Date "2022.01.11"]
[WhiteClock "0:00:05"]
[BlackClock "0:00:07"]

1. d4 Nf6 2. Nf3 g6 3. c4 Bg7 4. Nc3 O-O 5. e4 d6 6. Be2 Nbd7 7. O-O e5 8. Be3 Ng4 9. Bg5 f6 10. Bh4 h5 11. h3 Nh6 12. dxe5 dxe5 13. b4 Re8 14. c5 c6 15. Bc4+ Kh7 16. Qb3 a5 17. a3 axb4 18. axb4 Rxa1 19. Rxa1 Nf8 20. Rd1 Qe7 21. Rd6 Ne6 22. Qd1 Nf7 23. Rd2 Bh6 24. Ra2 Rd8 25. Qb3 Nfg5 26. Nxg5+ Bxg5 27. Bxg5 fxg5 28. Ra8 Nf4 29. Kh2 Bxh3 30. Rxd8 Qxd8 31. gxh3 Qd2 32. Nd1 g4 33. Bf1 gxh3 34. Bxh3 Kg7 35. Qf3 g5 36. Bf5 g4 37. Qb3 Kf6 38. Kg1 Nh3+ 39. Kf1 Nf4 40. Ne3 Qe2+ 41. Kg1 Nh3+ 42. Kh2 Qxf2+ 43. Ng2 h4 44. Qe6+ Kg5 45. Qg6# 1-0


[Site "https://www.chess.com"]

[Event "Titled Tuesday Blitz January 11 2022"]
[White "Tari, Aryan"]
[Black "Sipila, Vilka"]
[WhiteFideId "1510045"]
[BlackFideId "505455"]
[WhiteElo "2567"]
[BlackElo "2329"]
[Result "1-0"]
[Round "06"]
[TimeControl "180+1"]
[Date "2022.01.11"]
[WhiteClock "0:00:30"]
[BlackClock "0:00:02"]

1. d4 f5 2. c4 Nf6 3. Nc3 g6 4. h4 d6 5. h5 Nxh5 6. Rxh5 gxh5 7. e4 fxe4 8. Qxh5+ Kd7 9. Nxe4 Qe8 10. Qh4 Nc6 11. Nf3 Kd8 12. Bd2 Qg6 13. Bd3 Qg4 14. Qh2 Bf5 15. Nfg5 Bxe4 16. Bxe4 Rg8 17. f3 Qd7 18. Qxh7 Rxg5 19. Bxg5 Qe6 20. d5 Qe5 21. Qg8 Kd7 22. dxc6+ bxc6 23. O-O-O Bg7 24. Bf5+ Qxf5 25. Qxg7 Rb8 26. Qxe7+ Kc8 27. Bd2 Qc5 28. Qe4 d5 29. Qc2 dxc4 30. Bc3 Kb7 31. g4 Rf8 32. Qe4 Qf2 33. Qxc4 Rxf3 34. Kb1 Qg2 35. a3 Rf2 36. Ka2 Qg3 37. Rd7 Rf4 38. Qb3+ Kc8 39. Qe6 Kb7 40. Qe5 Qxg4 41. Qxc7+ Ka6 42. Qxc6# 1-0


[Site "https://www.chess.com"]

[Event "Titled Tuesday Blitz January 11 2022"]
[White "Triapishko, Alexandr"]
[Black "FGHSMN"]
[WhiteFideId "14122286"]
[WhiteElo "2479"]
[BlackElo "2743"]
[Result "0-1"]
[Round "06"]
[TimeControl "180+1"]
[Date "2022.01.11"]
[WhiteClock "0:00:01"]
[BlackClock "0:00:57"]

1. e4 c5 2. Nf3 e6 3. d4 cxd4 4. Nxd4 a6 5. c4 Nf6 6. Nc3 Qc7 7. a3 b6 8. Be2 Bb7 9. f3 Be7 10. Be3 O-O 11. Rc1 d6 12. b4 Nbd7 13. O-O Rac8 14. Qd2 Rfe8 15. Rc2 Qb8 16. Rb1 Bd8 17. Kh1 Bc7 18. Bg1 h5 19. Na4 h4 20. c5 dxc5 21. bxc5 Bf4 22. Qe1 bxc5 23. Nb3 Qa8 24. Nbxc5 h3 25. Rcb2 hxg2+ 26. Kxg2 Bc6 27. Bxa6 Bxa4 28. Bb7 Nxc5 29. Bxa8 Nd3 30. Qe2 Nxb2 31. Rxb2 Rxa8 32. Be3 Bxe3 33. Qxe3 e5 34. h4 Nh5 35. Kh2 Nf4 36. Rd2 Ra6 37. Qc5 Rh6 38. Kg3 Rg6+ 39. Kh2 Rh6 40. Kg3 Ree6 41. Rd8+ Kh7 42. Qf8 Reg6+ 43. Kf2 Rg2+ 44. Ke1 Re2+ 45. Kf1 Rc6 46. Qh8+ Kg6 47. h5+ Kf6 48. Rd1 Bxd1 49. Qd8+ Ke6 50. Qe8+ Kd6 51. Qd8+ Kc5 52. Qa5+ Kd4 53. Qd8+ Ke3 54. Qxd1 Kxf3 55. Qb3+ Kg4 0-1


[Site "https://www.chess.com"]

[Event "Titled Tuesday Blitz January 11 2022"]
[White "Willow, Jonah B"]
[Black "Korchmar, Vasiliy"]
[WhiteFideId "438804"]
[BlackFideId "24131750"]
[WhiteElo "2261"]
[BlackElo "2370"]
[Result "1-0"]
[Round "06"]
[TimeControl "180+1"]
[Date "2022.01.11"]
[WhiteClock "0:01:05"]
[BlackClock "0:01:54"]

1. e4 c5 2. Nf3 d6 3. Nc3 Nc6 4. d4 cxd4 5. Nxd4 Nf6 6. g3 g6 7. Nde2 Bg7 8. Bg2 O-O 9. O-O Rb8 10. a4 a6 11. Nd5 b5 12. axb5 axb5 13. c3 Nd7 14. Bg5 h6 15. Be3 b4 16. Qc1 Kh7 17. Nd4 bxc3 18. bxc3 Nce5 19. f4 Nc4 20. Nc6 Qe8 21. Nc7 1-0


[Site "https://www.chess.com"]

[Event "Titled Tuesday Blitz January 11 2022"]
[White "Yeletsky, Ivan"]
[Black "Artemenko, Oleg"]
[WhiteFideId "24180327"]
[BlackFideId "14201798"]
[WhiteElo "2348"]
[BlackElo "2287"]
[Result "1-0"]
[Round "06"]
[TimeControl "180+1"]
[Date "2022.01.11"]
[WhiteClock "0:00:48"]
[BlackClock "0:00:38"]

1. c4 Nf6 2. Nc3 e6 3. g4 Nxg4 4. e4 Nf6 5. e5 Ng8 6. d4 d6 7. Nf3 dxe5 8. Nxe5 Nf6 9. Rg1 Nbd7 10. f4 c6 11. Be3 Qa5 12. Qc2 g6 13. O-O-O Bb4 14. Bd3 Bxc3 15. bxc3 Rg8 16. Kb2 Nb6 17. Ka1 Na4 18. Bd2 Nb6 19. c5 Nbd7 20. Nc4 Qd8 21. Nd6+ Kf8 22. f5 exf5 23. Bh6+ Rg7 24. Nxf5 Ne8 25. Rde1 Ndf6 26. Nxg7 Nxg7 27. Qf2 Nh5 28. Bxg6 hxg6 29. Rxg6 Qd5 30. Rd6 Qxd6 31. cxd6 1-0


[Site "https://www.chess.com"]

[Event "Titled Tuesday Blitz January 11 2022"]
[White "Yoo, Christopher Woojin"]
[Black "Sanal, Vahap"]
[WhiteFideId "30909694"]
[BlackFideId "6300545"]
[WhiteElo "2105"]
[BlackElo "2603"]
[Result "1-0"]
[Round "06"]
[TimeControl "180+1"]
[Date "2022.01.11"]
[WhiteClock "0:01:59"]
[BlackClock "0:01:21"]

1. e4 e5 2. Nf3 Nc6 3. Bb5 a6 4. Ba4 Nf6 5. d4 exd4 6. O-O Be7 7. e5 Ne4 8. Nxd4 O-O 9. Re1 Nc5 10. Bxc6 dxc6 11. Nc3 Re8 12. Be3 Bf8 13. f4 Ne6 14. Nf3 Qxd1 15. Raxd1 b6 16. f5 Nc5 17. g4 Nd7 18. Bf4 Bb4 19. a3 Bxc3 20. bxc3 Nf8 21. Ng5 c5 22. e6 fxe6 23. Bxc7 h6 24. Ne4 Re7 25. Bxb6 Rb7 26. Bxc5 Bd7 27. Bxf8 Rxf8 28. Nc5 1-0


[Site "https://www.chess.com"]

[Event "Titled Tuesday Blitz January 11 2022"]
[White "Zelbel, Patrick"]
[Black "Erdogdu, Mert"]
[WhiteFideId "24624322"]
[BlackFideId "6301495"]
[WhiteElo "2493"]
[BlackElo "2485"]
[Result "1-0"]
[Round "06"]
[TimeControl "180+1"]
[Date "2022.01.11"]
[WhiteClock "0:00:48"]
[BlackClock "0:00:38"]

1. e4 c5 2. b4 cxb4 3. a3 bxa3 4. d4 g6 5. Nf3 Bg7 6. h4 h5 7. Rxa3 Nf6 8. e5 Ng4 9. Bc4 d5 10. Bb3 O-O 11. Nc3 e6 12. Nb5 Nc6 13. O-O Bd7 14. Nd6 b5 15. c3 a5 16. Qd3 b4 17. cxb4 axb4 18. Rxa8 Qxa8 19. Bd2 Qa3 20. Rb1 Ra8 21. Nxf7 Kxf7 22. Ng5+ Kg8 23. Qxg6 Be8 24. Qh7+ Kf8 25. Nxe6+ Ke7 26. Nxg7 Bf7 27. Nf5+ Ke6 28. Ng7+ Kd7 29. Qf5+ Ke7 30. Bg5+ Kf8 31. Bxd5 1-0


[Site "https://www.chess.com"]

[Event "Titled Tuesday Blitz January 11 2022"]
[White "Aloma Vidal, Robert"]
[Black "Dastan, Muhammed Batuhan"]
[WhiteFideId "2260409"]
[BlackFideId "6300014"]
[WhiteElo "2435"]
[BlackElo "2410"]
[Result "1-0"]
[Round "07"]
[TimeControl "180+1"]
[Date "2022.01.11"]
[WhiteClock "0:01:20"]
[BlackClock "0:00:07"]

1. e4 c5 2. c3 Nf6 3. e5 Nd5 4. Nf3 d6 5. exd6 e6 6. g3 Bxd6 7. Bg2 O-O 8. O-O Nc6 9. d4 cxd4 10. Nxd4 Nxd4 11. Qxd4 Qc7 12. c4 Ne7 13. Nc3 a6 14. Ne4 Be5 15. Qc5 Nc6 16. Rd1 Qa5 17. Bd2 Qxc5 18. Nxc5 Bxb2 19. Rab1 Bd4 20. Nxb7 Bd7 21. Bb4 Rfc8 22. Nd6 e5 23. Nxc8 Rxc8 24. Bd6 Bf5 25. Bxc6 Rxc6 26. Rb8+ Bc8 27. Bxe5 Bxe5 28. Rd8# 1-0


[Site "https://www.chess.com"]

[Event "Titled Tuesday Blitz January 11 2022"]
[White "Andreikin, Dmitry"]
[Black "Moskalenko, Alexander"]
[WhiteFideId "4158814"]
[BlackFideId "4155351"]
[WhiteElo "2736"]
[BlackElo "2515"]
[Result "1-0"]
[Round "07"]
[TimeControl "180+1"]
[Date "2022.01.11"]
[WhiteClock "0:00:41"]
[BlackClock "0:00:07"]

1. e4 e6 2. d4 d5 3. Nc3 Nf6 4. e5 Nfd7 5. f4 c5 6. Nf3 Nc6 7. Be3 Qb6 8. Na4 Qc7 9. Nxc5 Nxd4 10. Nxd4 Nxc5 11. c3 a6 12. Bd3 Nxd3+ 13. Qxd3 Bd7 14. O-O Bc5 15. Rf3 g6 16. Kh1 h5 17. h3 Rc8 18. Qd2 Be7 19. Rff1 Kf8 20. Nf3 Qc4 21. Bd4 b5 22. a3 a5 23. Ng5 Kg7 24. Rf3 h4 25. Qf2 b4 26. axb4 axb4 27. Ra7 Rc7 28. Rxc7 Qxc7 29. Kh2 Qc4 30. Qd2 Bb5 31. Re3 b3 32. Re1 Qd3 33. Qxd3 Bxd3 34. Ra1 Rc8 35. Ra7 Bxg5 36. fxg5 Rc6 37. Ra8 Ra6 38. Rb8 Ra2 39. Bc5 Rxb2 40. Be7 f5 41. exf6+ Kh7 42. f7 Be4 43. Rh8+ 1-0


[Site "https://www.chess.com"]

[Event "Titled Tuesday Blitz January 11 2022"]
[White "Araujo Sanchez, Josue"]
[Black "Tristan, Leonardo"]
[WhiteFideId "6416896"]
[BlackFideId "113816"]
[WhiteElo "2357"]
[BlackElo "2404"]
[Result "1-0"]
[Round "07"]
[TimeControl "180+1"]
[Date "2022.01.11"]
[WhiteClock "0:00:04"]
[BlackClock "0:00:03"]

1. c4 e6 2. Nf3 d5 3. e3 Nf6 4. b3 c5 5. cxd5 exd5 6. Bb2 Nc6 7. Bb5 Bd6 8. O-O O-O 9. d4 cxd4 10. Nxd4 Bc7 11. Nd2 Qd6 12. N2f3 a6 13. Bxc6 bxc6 14. Rc1 c5 15. Ba3 Ne4 16. Qc2 Bb6 17. Ne2 Bf5 18. Qd1 Rfd8 19. Nc3 Rac8 20. h3 h6 21. Qe2 Bc7 22. Rfd1 Qe6 23. Nxe4 dxe4 24. Nh2 Rxd1+ 25. Rxd1 c4 26. bxc4 Qe5 27. Nf1 Be6 28. Rd4 Qa5 29. Bb2 Qxa2 30. Qd2 Rb8 31. Bc3 Qxd2 32. Rxd2 Bxc4 33. Ng3 Bd3 34. Ra2 Rb3 35. Bd4 a5 36. h4 g6 37. Kh2 Kh7 38. Kh3 f5 39. f3 exf3 40. gxf3 Rb5 41. f4 g5 42. hxg5 hxg5 43. fxg5 Kg6 44. Ra3 Bc4 45. Rc3 Rb4 46. Bc5 Ra4 47. Bd4 Bd6 48. Kg2 Bd5+ 49. Kf2 Ra2+ 50. Ne2 Bc4 51. Rxc4 Kxg5 52. Kf3 a4 53. Nf4 a3 54. Rc6 Bxf4 55. exf4+ Kh5 56. Bf6 Ra1 57. Bxa1 a2 58. Bc3 a1=Q 59. Bxa1 Kh4 60. Rh6# 1-0


[Site "https://www.chess.com"]

[Event "Titled Tuesday Blitz January 11 2022"]
[White "Babazada, Khazar"]
[Black "Leitao, Rafael"]
[WhiteFideId "13413554"]
[BlackFideId "2101246"]
[WhiteElo "2418"]
[BlackElo "2609"]
[Result "1-0"]
[Round "07"]
[TimeControl "180+1"]
[Date "2022.01.11"]
[WhiteClock "0:00:56"]
[BlackClock "0:00:22"]

1. e4 c5 2. Nf3 e6 3. d4 cxd4 4. Nxd4 Nc6 5. Nc3 a6 6. f4 Bb4 7. a3 Bxc3+ 8. bxc3 d6 9. Be2 Nf6 10. Qd3 O-O 11. O-O Bd7 12. a4 Rc8 13. Ba3 Ne8 14. Rab1 Na5 15. Qg3 Qc7 16. Rf3 Nf6 17. Bd3 Nh5 18. Qh4 Nxf4 19. Qxf4 e5 20. Qg3 exd4 21. Bxd6 Qxc3 22. e5 Qd2 23. Bb4 Qh6 24. Bxa5 Bc6 25. Rf6 Qe3+ 26. Qxe3 dxe3 27. Rf4 Rfe8 28. Bc3 Bxa4 29. Rxa4 Rxc3 30. Rxb7 g6 31. Re4 Rc5 32. Rxe3 a5 33. Rb5 Rec8 34. Rxc5 Rxc5 35. e6 1-0


[Site "https://www.chess.com"]

[Event "Titled Tuesday Blitz January 11 2022"]
[White "Boyer, Mahel"]
[Black "Onyshchuk, Volodymyr"]
[WhiteFideId "45102422"]
[BlackFideId "14114038"]
[WhiteElo "2328"]
[BlackElo "2642"]
[Result "0-1"]
[Round "07"]
[TimeControl "180+1"]
[Date "2022.01.11"]
[WhiteClock "0:00:03"]
[BlackClock "0:01:09"]

1. d4 g6 2. e4 Bg7 3. Nc3 d6 4. h4 h6 5. h5 g5 6. f4 gxf4 7. Bxf4 Nc6 8. Nf3 Bg4 9. d5 Ne5 10. Be2 Bxf3 11. gxf3 c6 12. Qd2 Nf6 13. O-O-O cxd5 14. Nxd5 Nxd5 15. Qxd5 Qb6 16. Rhg1 Bf6 17. Qb5+ Qxb5 18. Bxb5+ Kd8 19. Be2 Kc7 20. Be3 Rag8 21. f4 Nc6 22. Bc4 e6 23. f5 Ne5 24. Bb3 exf5 25. exf5 Bg5 26. Bxg5 hxg5 27. Rg3 Rh6 28. Rc3+ Kd7 29. Bd5 g4 30. Bxb7 Rxh5 31. Be4 g3 32. Ra3 Ke7 33. Rxa7+ Kf6 34. Rxd6+ Kg5 35. b3 Rh2 36. Ra5 Kf4 37. Rd4 Ke3 38. Rb4 f6 39. Bd5 g2 40. Bxg2 Rgxg2 41. Rc5 Nd3+ 42. cxd3 Rg1# 0-1


[Site "https://www.chess.com"]